 Dungeon Crawl Stone Soup version 0.20-a0-1078-g4874019 (webtiles) character file.

83 George the Slasher (level 4, -1/35 HPs)
             Began as a Demonspawn Fighter on Apr 30, 2017.
             Was an Initiate of Makhleb.
             Slain by Sigmund
             ... wielding a +0 scythe
              (4 damage)
             ... on level 3 of the Dungeon.
             The game lasted 00:03:17 (1886 turns).

George the Slasher (Demonspawn Fighter)             Turns: 1886, Time: 00:03:18

Health: -1/35      AC:  9    Str: 17    XL:     4   Next: 22%
Magic:  4/4        EV:  4    Int:  7    God:    Makhleb [......]
Gold:   155        SH:  8    Dex: 12    Spells: 3/3 levels left

rFire    . . .     SeeInvis .   a - +0 long sword
rCold    . . .     Gourm    .   c - +0 shield
rNeg     . . .     Faith    .   g - +0 chain mail
rPois    .         Spirit   .   (no helmet)
rElec    .         Reflect  .   (no cloak)
rCorr    .         Harm     .   (no gloves)
MR       .....                  (no boots)
Stlth    ..........             (no amulet)
Regen    0.2/turn               j - -3 ring of intelligence (curse)
MPRegen  0.1/turn               n - +1 ring of protection

@: lethally poisoned (-1 -> -3)
A: foul stench 1, spiny 1, rot immunity
a: Renounce Religion


You were on level 3 of the Dungeon.
You worshipped Makhleb.
Makhleb was noncommittal.
You were not hungry.

You visited 1 branch of the dungeon, and saw 3 of its levels.

You collected 155 gold pieces.

Inventory:

Hand Weapons
 a - a +0 long sword (weapon)
 o - a +0 rapier
Armour
 c - a +0 shield (worn)
 g - a +0 chain mail (worn)
Jewellery
 j - a cursed -3 ring of intelligence (left hand)
 n - a +1 ring of protection (right hand)
Scrolls
 b - 3 scrolls of random uselessness {unknown}
 e - 5 scrolls of remove curse {unknown}
 h - a scroll of amnesia {unknown}
 m - a scroll of identify {unknown}
Potions
 d - 2 potions of might
 k - a potion of haste {unknown}
 l - 2 potions of ambrosia {unknown}
Comestibles
 f - 2 bread rations
 i - a meat ration
 p - a chunk of flesh


   Skills:
 + Level 3.1 Fighting
 * Level 3.9 Long Blades
 + Level 2.7 Armour
 + Level 2.9 Shields
 + Level 0.0 Invocations


You had 3 spell levels left.
You didn't know any spells.

Dungeon Overview and Level Annotations

Branches:
Dungeon (3/15)

Altars:
Makhleb

Annotations:
D:3 Sigmund


Innate Abilities, Weirdness & Mutations

You may emit foul miasma when damaged in melee.
You are partially covered in sharp spines.
You are immune to rotting.


Message History

No target in view!
No target in view!
No target in view!
You hit something.
You feel sick. You block something's attack.
You miss something.
You feel sick. Something hits you.
You slash something! You block something's attack.
You hit something.
You feel sick. Something hits you but does no damage.
Your shield prevents you from hitting something.
Your shield and chain mail prevent you from hitting something.
You feel sick.
You hear some strange, mumbled words.
A magic dart appears from out of thin air!
The magic dart hits you! You block something's attack.
You miss something. You miss something. Something hits you!
* * * LOW HITPOINT WARNING * * *
You miss something.
* * * LOW HITPOINT WARNING * * *
You feel sick. Something hits you.
You die...

# ##.# ### .#. #..
.. #.. .# .. #.#
##{##...#
###.###@.......
#....(.).##.#.. #
#.#..###.#.
#.####.#.#.......
#......>.........#
###.............#
#.#.######.##...
#...# .# ... #.###
#


There were no monsters in sight!

Vanquished Creatures
  Terence (D:2)
  An adder (D:3)
  2 worms (D:2)
  A dart slug (D:2)
  A leopard gecko (D:1)
  4 bats
  5 giant cockroaches
  5 hobgoblins
  2 quokkas
  A ball python (D:1)
  5 frilled lizards
  4 goblins
  6 kobolds
  A rat (D:1)
39 creatures vanquished.

Notes
Turn   | Place    | Note
-------+----------+-------------------------------------------
     0 | D:1      | George the Demonspawn Fighter began the quest for the Orb.
     0 | D:1      | Reached XP level 1. HP: 18/18 MP: 1/1
   393 | D:1      | Gained mutation: You are immune to rotting. [demonic ancestry]
   393 | D:1      | Reached XP level 2. HP: 24/24 MP: 2/2
   953 | D:2      | Gained mutation: You may emit foul miasma when damaged in melee. [demonic ancestry]
   953 | D:2      | Reached XP level 3. HP: 11/29 MP: 3/3
  1324 | D:2      | Noticed Terence
  1341 | D:2      | Killed Terence
  1414 | D:2      | Found a burning altar of Makhleb.
  1414 | D:2      | Noticed a green death
  1418 | D:2      | Noticed a smoke demon
  1418 | D:2      | Noticed a hellwing
  1420 | D:2      | Became a worshipper of Makhleb the Destroyer
  1731 | D:2      | Gained mutation: You are partially covered in sharp spines. [demonic ancestry]
  1731 | D:2      | Reached XP level 4. HP: 34/35 MP: 4/4
  1873 | D:3      | Noticed Sigmund
  1886 | D:3      | Slain by Sigmund

Vault maps used:
D:1:      minmay_arrival_loop, hangedman_decor_points
D:2:      makhleb_altar_promises_db, uniq_terence
D:3:      nicolae_overflow_crystal_walls, nicolae_overflow_quartered_altars,
          uniq_sigmund

Skill      XL: |  1  2 |
---------------+-------+-----
Long Blades    | 2 3 |  3.9
Fighting       | |  3.1
Armour         | |  2.7
Shields        | |  2.9

Action                   |  1- 3 |  4- 6 || total
-------------------------+-------+-------++-------
Melee: Long sword        |   114 |    23 ||   137
  Eat: Chunk             |     2 |     1 ||     3
Armor: Chain mail        |    70 |    10 ||    80
Dodge: Dodged            |    23 |     4 ||    27
Block: Shield            |    50 |    14 ||    64
       Rpst.: Long sword |     9 |     2 ||    11
